 Dungeon Crawl Stone Soup version 0.29.1-15-g9cfb28693d (webtiles) character file.

Game seed: 12383410214253324459

37 BuddhaDhamma the Chopper (level 3, -2/31 HPs)
             Began as a Minotaur Berserker on Mar 9, 2023.
             Was a Follower of Trog.
             Slain by a gnoll
             ... wielding a +0 halberd
              (5 damage)
             ... on level 2 of the Dungeon.
             The game lasted 00:01:28 (682 turns).

BuddhaDhamma the Chopper (Minotaur Berserker)        Turns: 682, Time: 00:01:28

Health: -2/31      AC:  6    Str: 23    XL:     3   Next: 23%
Magic:  2/2        EV: 11    Int:  4    God:    Trog [*.....]
Gold:   37         SH:  0    Dex:  9    Spells: 2/2 levels left

rFire   . . .      SeeInvis .   a - +0 hand axe
rCold   . . .      Faith    .   (no shield)
rNeg    . . .      Spirit   .   f - +0 ring mail
rPois   .          Reflect  .   (helmet restricted)
rElec   .          Harm     .   (no cloak)
rCorr   .          Rampage  .   d - +0 pair of gloves
Will    .....                   (no boots)
Stlth   ..........              (no amulet)
HPRegen 0.10/turn               (no ring)
MPRegen 0.08/turn               (no ring)

@: no status effects
A: horns 2, retaliatory headbutt
a: Renounce Religion, Berserk


You were on level 2 of the Dungeon.
You worshipped Trog.
Trog was aware of your devotion.
You visited 1 branch of the dungeon, and saw 2 of its levels.

You collected 37 gold pieces.

Inventory:

Hand Weapons
 a - a +0 hand axe (weapon)
Missiles
 e - a boomerang (quivered)
Armour
 d - a +0 pair of gloves (worn)
 f - a +0 ring mail (worn)
Scrolls
 b - 3 scrolls of identify {unknown}
 g - 2 scrolls of noise {unknown}
 j - a scroll of teleportation {unknown}
 k - 2 scrolls of poison {unknown}
 l - a scroll of amnesia {unknown}
Potions
 c - a potion of lignification {unknown}
 h - 3 potions of curing {unknown}
 i - a potion of attraction {unknown}


   Skills:
 - Level 3.6 Fighting
 + Level 5.3 Axes
 - Level 2.4 Armour
 - Level 2.1 Dodging


You had 2 spell levels left.
You didn't know any spells.
Your spell library was empty.

Dungeon Overview and Level Annotations

Branches:
Dungeon (2/15)

Altars:


Innate Abilities, Weirdness & Mutations

You have a pair of horns on your head.
You reflexively headbutt those who attack you in melee.


Message History

You kill the kobold!
Trog accepts your kill.
No target in view!
Things that are here:
a +0 short sword; 2 stones; a kobold corpse
h - 3 smoky black potions (gained 1)
l - a scroll labelled OCOTUGOSEEX You now have 37 gold pieces (gained 7).
k - 2 scrolls labelled XIZUAWKEMIO (gained 1)
b - 3 scrolls labelled CEUPPETSOL (gained 1)
You open the door.
A bat comes into view.
The bat hits you but does no damage. The bat barely misses you.
You closely miss the bat. The bat closely misses you. You furiously retaliate!
You headbutt the bat!
You kill the bat!
Trog accepts your kill.
There is an open door here.
A gnoll comes into view. It is wielding a +0 club.
The gnoll shouts!
You hear a shout! x3
The gnoll barely misses you.
You barely miss the gnoll. Your headbutt misses the gnoll.
The gnoll hits you with a +0 club.
A gnoll comes into view. It is wielding a +0 halberd.
You hit the gnoll.
The gnoll is moderately wounded.
The gnoll hits you with a +0 club. The gnoll completely misses you.
The gnoll barely misses you.
A gnoll comes into view. It is wielding a +0 halberd.
You are too injured to fight recklessly!
You are too injured to fight recklessly!
You hit the gnoll.
The gnoll is severely wounded.
A gnoll comes into view. It is wielding a +0 flail.
The gnoll hits you from afar with a +0 halberd!
The gnoll closely misses you.
The gnoll hits you from afar with a +0 halberd!
* * * LOW HITPOINT WARNING * * *
The gnoll hits you with a +0 halberd.
You die...

# #
#####g######.#
#....gg@.....#
########g..#.#
#....'...+
#.####...# #.#
#.....# #.#
#.....# #.#
#####.# #.#
... #.# ###


You could see 4 gnolls.

Vanquished Creatures
  A gnoll (D:1)
  A worm (D:2)
  2 ball pythons
  2 bats
  4 endoplasms
  A goblin (D:1)
  4 hobgoblins (D:1)
  A quokka (D:1)
  A frilled lizard (D:1)
  5 kobolds
  A rat (D:2)
23 creatures vanquished.

Notes
Turn   | Place    | Note
-------+----------+-------------------------------------------
     0 | D:1      | BuddhaDhamma the Minotaur Berserker began the quest for the
                  | Orb.
     0 | D:1      | Reached XP level 1. HP: 19/19 MP: 0/0
    69 | D:1      | Reached skill level 4 in Axes
    69 | D:1      | Reached XP level 2. HP: 26/26 MP: 1/1
   265 | D:1      | Reached skill level 5 in Axes
   405 | D:1      | Found a faded altar of an unknown god.
   405 | D:1      | You fall into a shaft and drop 1 floor!
   444 | D:2      | Reached XP level 3. HP: 31/31 MP: 2/2
   682 | D:2      | Slain by a gnoll

Illustrated notes

Levels and vault maps discovered:
D:1:      lemuel_arrival_broad_hall, layout_rooms, shapermc_ecumenical_altar_gd
D:2:      layout_basic, serial_shops, nicolae_shop_bloodbath_and_beyond,
          minivault_5, uniq_sigmund

Skill      XL: |  1  2 |
---------------+-------+-----
Axes           | 4 5 |  5.3
Fighting       | |  3.6
Armour         | |  2.4
Dodging        | |  2.1

Action                   || total
-------------------------++-------
Melee: Hand axe          ||    59
       Headbutt          ||     7
Throw: Boomerang         ||     4
Armor: Animal skin       ||     2
       Ring mail         ||    21
Dodge: Dodged            ||    39
